 Dungeon Crawl Stone Soup version 0.16.2-12-gd0ad4c3 (webtiles) character file.

62507 faibistes the Thaumaturge (level 14, -15/80 HPs)
             Began as a Deep Elf Wizard on Feb 26, 2019.
             Was the Champion of Sif Muna.
             Demolished by a spiny frog (17 damage)
             ... on level 8 of the Lair of Beasts on Feb 27, 2019.
             The game lasted 01:27:47 (31460 turns).

faibistes the Thaumaturge (Deep Elf Wizard)        Turns: 31460, Time: 01:27:47

Health: -15/80     AC: 10    Str:  4    XL:     14   Next: 64%
Magic:  6/38       EV: 17    Int: 29    God:    Sif Muna [******]
Gold:   577        SH:  0    Dex: 13    Spells: 10 memorised, 5 levels left

rFire  + . .     SeeInvis .     w - +9 dagger (freeze)
rCold  + . .     Clarity  .     a - +0 robe
rNeg   + . .     SustAb   .     (no shield)
rPois  +         Gourm    .     y - -2 hat of the Alchemist {rElec rPois rF+ rC+ rN+ MR+ rMut rCorr}
rElec  +         Spirit   .     x - +1 cloak
rCorr  +         Warding  .     (no gloves)
rMut   +         Stasis   .     o - +2 pair of boots
MR     ++...                    (no amulet)
Stlth  ++........               I - ring of wizardry
                                P - +5 ring of protection

@: deflect missiles, very resistant to hostile enchantments, unstealthy
A: no striking features
a: Channel Energy, Forget Spell, Renounce Religion


You were on level 8 of the Lair of Beasts.
You worshipped Sif Muna.
Sif Muna was exalted by your worship.
You were very hungry.

You visited 4 branches of the dungeon, and saw 21 of its levels.

You collected 1537 gold pieces.
You spent 960 gold pieces at shops.

Inventory:

Hand weapons
 w - a +9 dagger of freezing (weapon)
 T - the +2 quarterstaff of Light {speed, rN+}
   (You took it off an orc on level 11 of the Dungeon)

   Attacks with this weapon are significantly faster.
   It protects you from negative energy.
Armour
 a - a +0 robe (worn)
 o - a +2 pair of boots (worn)
 x - a +1 cloak (worn)
 y - the -2 hat of the Alchemist (worn) {rElec rPois rF+ rC+ rN+ MR+ rMut rCorr}
   (You bought it in a shop on level 11 of the Dungeon)

   It protects you from fire.
   It protects you from cold.
   It insulates you from electricity.
   It protects you from poison.
   It protects you from negative energy.
   It affects your resistance to hostile enchantments.
   It protects you from acid and corrosion.
   It protects you from mutation.
 E - a +2 helmet of intelligence
Jewellery
 c - an uncursed ring of fire
 n - an uncursed ring of protection from cold
 B - the ring of Gluttony {rF+ rC+ Int+7}
   (You bought it in a shop on level 6 of the Dungeon)

   [ring of protection from cold]

   It affects your intelligence (+7).
   It protects you from fire.
   It protects you from cold.
 I - a ring of wizardry (right hand)
 P - a +5 ring of protection (left hand)
 Y - an uncursed ring of flight
Magical devices
 b - a wand of polymorph (8)
 g - a wand of fire (0)
 z - a wand of frost (39)
 J - a wand of cold (0)
 K - a wand of lightning (0)
 O - a wand of slowing (25)
 Q - a wand of paralysis (13)
 W - a wand of invisibility (5)
Scrolls
 k - 2 scrolls of magic mapping
 p - 3 scrolls of immolation
 v - 6 scrolls of remove curse
 D - 3 scrolls of identify
 N - 4 scrolls of blinking
 R - a scroll of teleportation
 S - 2 scrolls of recharging
 Z - a scroll of fog
Potions
 f - 4 potions of restore abilities
 l - a potion of agility
 q - a potion of cancellation
 r - a potion of heal wounds
 t - 6 potions of curing
 u - 2 potions of lignification
 A - 2 potions of brilliance
 C - a potion of might
 F - 3 potions of flight
 G - 3 potions of haste
 H - a potion of cure mutation
 M - 2 potions of invisibility
Books
 e - Sif Muna's Papyrus of Self-Improvement and Dislocation
   (Sif Muna gifted it to you on level 8 of the Lair of Beasts)

   Spells                             Type                      Level
   a - Infusion                       Charms                       1
   b - Shroud of Golubria             Charms/Translocation         2
   c - Control Teleport               Charms/Translocation         4
   d - Haste                          Charms                       6
   e - Ring of Flames                 Charms/Fire                  7
Miscellaneous
 i - a phial of floods
 V - a lamp of fire
Comestibles
 d - 16 bread rations
 h - 4 slices of pizza
 j - 4 beef jerkies
 m - 11 meat rations
 s - 8 fruits
 L - 4 chunks of flesh


   Skills:
 + Level 6.4 Fighting
 - Level 10.0 Dodging
 - Level 2.4 Stealth
 * Level 14.3 Spellcasting
 + Level 10.3 Conjurations
 + Level 9.2 Charms
   Level 1.1 Summonings
 - Level 7.3 Translocations
   Level 3.0 Transmutations
 + Level 10.3 Fire Magic
 - Level 3.6 Air Magic
 * Level 7.4 Earth Magic
 - Level 3.0 Poison Magic
 * Level 9.5 Invocations
 + Level 7.7 Evocations


You had 5 spell levels left.
You knew the following spells:

 Your Spells              Type           Power        Failure   Level  Hunger
a - Magic Dart            Conj           ####         1%          1    None
b - Conjure Flame         Conj/Fire      ######..     1%          3    None
d - Blink                 Tloc           N/A          1%          2    None
e - Mephitic Cloud        Conj/Pois/Air  ######..     1%          3    None
f - Deflect Missiles      Chrm/Air       ######....   12%         6    ####...
g - Iron Shot             Conj/Erth      ######....   4%          6    ####...
h - Swiftness             Chrm/Air       ######..     1%          2    None
k - Airstrike             Air            #####.....   3%          4    None
x - Force Lance           Conj/Tloc      ######..     1%          4    None
z - Fireball              Conj/Fire      ######....   1%          5    None


Dungeon Overview and Level Annotations

Branches:
Dungeon (11/15)            Temple (1/1) D:6            Lair (8/8) D:10
 Shoals (0/5) Lair:4       Spider (0/5) Lair:6        Slime (0/6) Lair:6
    Orc (1/4) D:11

Altars:
Ashenzari
Cheibriados
Dithmenos
Elyvilon
Fedhas
Gozag
Kikubaaqudgha
Makhleb
Nemelex Xobeh
Okawaru
Qazlal
Ru
Sif Muna
Trog
Vehumet
Xom
Yredelemnul
Zin
The Shining One

Shops:
D:5 :   D:6 *}*   D:11 [


Message History

The bolt of lightning hits the elephant.
You kill the elephant!
The bolt of lightning hits the spiny frog.
The spiny frog is severely wounded.
Evoking this partially-identified wand wasted a few charges.
You hear an angry buzzing noise.
Use which ability? (? or * to list)
You channel some magical energy.
You are feeling very hungry.
The spiny frog stings you.
* * * LOW HITPOINT WARNING * * *
The spiny frog stings you!
* * * LOW HITPOINT WARNING * * *
You are lethally poisoned!
The spiny frog poisons you!
Drink which item? (? for menu, Esc to quit)
You feel better. The blink frog hits you!
* * * LOW HITPOINT WARNING * * *
The spiny frog stings you!
You die...

.# #.#..÷....### . ...#
##...<....## P
..P..#####.........(## #
.PDY.#.#...........P..
#........♣♣..P.... .
##...#.###♣♣.....P #..
##P....###.♣.......
#...#PF....#♣....P.....
..#P...@....♣.♣...P.....
.P.......F##♣.♣♣......P..
..P......<♣.§P...P......
...P.P....††♣F.........
P..##..P.##§....P..# .
#.##.#.§.......# ##
####§.......#
###.#§.......#
#....§.......#


You could see a spiny frog and a blink frog.

Vanquished Creatures
  Rupert (Lair:7)
  Gastronok (D:8)
  6 hydras
  14 death yaks
  2 hill giants (D:10)
  A lindwurm (Lair:7)
  A manticore (Lair:5)
  2 griffons
  2 black mambas
  21 elephants
  Joseph (D:8)
  18 spiny frogs
  6 komodo dragons
  7 fire drakes
  A troll (D:10)
  Prince Ribbit (D:7)
  2 slime creatures (Lair:6)
  8 blink frogs
  6 basilisks
  A water elemental (D:11)
  A spriggan (D:7)
  Eustachio (D:5)
  A deep elf mage (D:9)
  55 yaks
  15 hippogriffs
  Grum (D:7)
  9 wolves
  8 wyverns (Lair:5)
  A warg (Orc:1)
  Edmund (D:5)
  15 water moccasins
  9 porcupines
  A black bear (D:8)
  A wasp (D:9)
  9 orc warriors
  4 centaurs
  5 ice beasts
  9 spiders (Lair:6)
  2 sky beasts (D:9)
  14 crocodiles
  A big kobold (D:10)
  An eye of draining (Lair:6)
  20 giant frogs
  A boring beetle (Lair:8)
  Blork the orc (D:9)
  A water moccasin zombie (D:5)
  2 scorpions
  6 wights
  3 killer bees (D:10)
  6 electric eels
  11 orc priests
  2 goliath beetles
  16 hounds
  A centaur zombie (D:10)
  4 crimson imps
  5 jellies
  Crazy Yiuf (D:2)
  2 giant frog skeletons
  A gnoll shaman (D:9)
  A quasit (D:9)
  A centaur skeleton (D:10)
  9 orc wizards
  10 iguanas
  11 worker ants
  20 sheep
  2 hound skeletons
  A hound zombie (D:5)
  19 adders
  4 gnolls
  37 river rats
  2 shadow imps (D:5)
  A worm (D:2)
  2 giant geckos
  53 orcs
  11 bats
  A bat skeleton (D:5)
  A bat zombie (D:7)
  3 giant cockroaches
  8 goblins
  11 hobgoblins
  8 jackals
  14 kobolds
  12 quokkas
  2 ball pythons
  2 giant newts
  A hobgoblin zombie (D:5)
  2 quokka skeletons
  3 quokka zombies
  16 rats
  A bush (Lair:7)
  2 fungi
  2 plants
622 creatures vanquished.

Vanquished Creatures (collateral kills)
  A spiny frog (Lair:1)
  A worm (D:2)
  2 orcs (D:3)
  A hobgoblin (D:1)
  A kobold (D:1)
6 creatures vanquished.

Vanquished Creatures (others)
  A crimson imp (D:10)
  A shadow imp (D:2)
  An ooze (D:2)
  A bat (D:10)
  A giant spore (D:6)
  3 bushes
  41 fungi
  21 plants
70 creatures vanquished.

Grand Total: 698 creatures vanquished

Notes
Turn   | Place    | Note
--------------------------------------------------------------
     0 | D:1      | faibistes, the Deep Elf Wizard, began the quest for the Orb.
     0 | D:1      | Reached XP level 1. HP: 10/10 MP: 6/6
   445 | D:1      | Reached XP level 2. HP: 15/15 MP: 7/9
   481 | D:1      | Learned a level 2 spell: Blink
   484 | D:1      | Learned a level 2 spell: Call Imp
   915 | D:1      | Reached XP level 3. HP: 19/19 MP: 11/13
   920 | D:1      | Learned a level 3 spell: Conjure Flame
   924 | D:1      | Learned a level 3 spell: Mephitic Cloud
  1457 | D:2      | Reached skill level 5 in Spellcasting
  1787 | D:2      | Noticed Crazy Yiuf
  1929 | D:2      | Killed Crazy Yiuf
  1929 | D:2      | Reached XP level 4. HP: 8/24 MP: 13/17
  2029 | D:2      | Learned a level 2 spell: Repel Missiles
  2406 | D:2      | Found a radiant altar of Vehumet.
  2846 | D:4      | Found a shimmering altar of Xom.
  3584 | D:5      | Entered Level 5 of the Dungeon
  3586 | D:5      | Reached XP level 5. HP: 28/28 MP: 17/20
  3622 | D:5      | Reached skill level 6 in Spellcasting
  3989 | D:5      | Noticed a centaur
  4023 | D:4      | Reached XP level 6. HP: 9/32 MP: 1/22
  4096 | D:5      | Noticed Edmund
  4114 | D:5      | Killed Edmund
  4114 | D:5      | Reached skill level 7 in Spellcasting
  4128 | D:5      | Killed a centaur
  4128 | D:5      | Reached skill level 1 in Fighting
  4156 | D:5      | Reached skill level 1 in Evocations
  4158 | D:5      | Reached XP level 7. HP: 10/38 MP: 2/25
  4633 | D:5      | Found a deep blue altar of Sif Muna.
  4646 | D:5      | Became a worshipper of Sif Muna the Loreminder
  5215 | D:6      | Found Uwiy's Assorted Antiques.
  5229 | D:6      | Bought a warped copper ring for 90 gold pieces
  5229 | D:6      | Identified the ring of Gluttony {rF+ rC+ Int+7} (You bought it in a shop on level 6 of the Dungeon)
  5230 | D:6      | Bought a runed helmet for 81 gold pieces
  5337 | D:5      | Reached skill level 1 in Fire Magic
  5337 | D:5      | Reached skill level 1 in Air Magic
  5408 | D:5      | Found a staircase to the Ecumenical Temple.
  5431 | D:5      | Noticed Eustachio
  5440 | D:5      | Reached skill level 5 in Dodging
  5457 | D:5      | Killed Eustachio
  5457 | D:5      | Reached skill level 1 in Poison Magic
  5626 | D:5      | Found Naam's Book Shoppe.
  5782 | D:5      | Found a glowing silver altar of Zin.
  5947 | D:6      | Acquired Sif Muna's first power
  6016 | D:6      | Found Plog's Gadget Emporium.
  6036 | D:6      | Reached skill level 8 in Spellcasting
  6036 | D:6      | Reached XP level 8. HP: 28/43 MP: 8/27
  6599 | D:6      | Found Ymuit's General Store.
  6629 | D:6      | Found a staircase to the Ecumenical Temple.
  6638 | Temple   | Entered the Ecumenical Temple
  7059 | D:7      | Reached skill level 5 in Conjurations
  7275 | D:8      | Noticed Prince Ribbit
  7300 | D:7      | Acquired Sif Muna's second power
  7579 | D:7      | Killed Prince Ribbit
  7584 | D:7      | Reached skill level 9 in Spellcasting
  7663 | D:8      | Reached XP level 9. HP: 37/47 MP: 18/29
  7901 | D:8      | Noticed Grum
  7917 | D:7      | Reached skill level 1 in Invocations
  8108 | D:7      | Killed Grum
  8108 | D:7      | Reached skill level 1 in Charms
  8220 | D:7      | Reached skill level 5 in Fire Magic
  8546 | D:7      | Found a sacrificial altar of Ru.
  8718 | D:7      | Noticed a spriggan baker
  8833 | D:7      | Killed a spriggan baker
  9015 | D:7      | You fall through a shaft for 2 floors!
  9412 | D:8      | Found a bloodstained altar of Trog.
  9443 | D:8      | Noticed Joseph
  9540 | D:8      | Killed Joseph
  9566 | D:8      | Reached XP level 10. HP: 38/54 MP: 16/31
  9703 | D:8      | Noticed Gastronok
  9719 | D:8      | Killed Gastronok
  9719 | D:8      | Reached skill level 10 in Spellcasting
  9907 | D:8      | Found a deep blue altar of Sif Muna.
 10235 | D:9      | Noticed Blork the orc
 10246 | D:9      | Killed Blork the orc
 10304 | D:10     | Entered Level 10 of the Dungeon
 10359 | D:9      | Found an iron altar of Okawaru.
 10998 | D:10     | Acquired Sif Muna's third power
 11009 | D:10     | Found a staircase to the Lair.
 11868 | D:9      | Reached skill level 5 in Invocations
 12833 | D:10     | Noticed a hill giant
 12841 | D:10     | Killed a hill giant
 12841 | D:10     | Reached XP level 11. HP: 61/61 MP: 18/32
 12990 | D:11     | Found Ywniurghov's Armour Boutique.
 13002 | D:11     | Reached skill level 11 in Spellcasting
 13258 | D:11     | Found a staircase to the Orcish Mines.
 13262 | D:11     | Got a shimmering quarterstaff
 13475 | D:10     | Reached skill level 5 in Translocations
 14091 | D:10     | Noticed a hill giant
 14111 | D:10     | Killed a hill giant
 14325 | D:10     | Reached skill level 5 in Charms
 14508 | D:10     | Found a shattered altar of Ashenzari.
 14622 | Lair:1   | Entered Level 1 of the Lair of Beasts
 14812 | Lair:1   | Reached skill level 5 in Evocations
 15293 | Lair:1   | Identified a scroll of acquirement
 15294 | Lair:1   | Identified Shiniuti's Papyrus of Scorching Attacks (You acquired it on level 1 of the Lair of Beasts)
 15300 | Lair:1   | Learned a level 4 spell: Force Lance
 15306 | Lair:1   | Learned a level 5 spell: Fireball
 15311 | Lair:1   | Learned a level 4 spell: Sticky Flame
 16568 | Lair:2   | Identified the +2 quarterstaff of Light {speed, rN+} (You took it off an orc on level 11 of the Dungeon)
 17172 | Lair:3   | Noticed a death yak
 17172 | Lair:3   | Noticed a death yak
 17173 | Lair:3   | Noticed a death yak
 17173 | Lair:3   | Noticed a death yak
 17175 | Lair:3   | Noticed a death yak
 17176 | Lair:3   | Noticed a death yak
 17177 | Lair:3   | Killed a death yak
 17177 | Lair:3   | Reached XP level 12. HP: 67/67 MP: 8/34
 17181 | Lair:2   | Killed a death yak
 17181 | Lair:2   | Received a gift from Sif Muna
 17181 | Lair:2   | Reached skill level 12 in Spellcasting
 17182 | Lair:2   | Identified Sif Muna's Further Progress in Witchery (Sif Muna gifted it to you on level 2 of the Lair of Beasts)
 17320 | Lair:2   | Learned a level 4 spell: Petrify
 17673 | Lair:2   | Reached skill level 1 in Transmutations
 18122 | Lair:2   | Learned a level 4 spell: Airstrike
 18202 | Orc:1    | Entered Level 1 of the Orcish Mines
 18263 | D:11     | Bought the -2 hat of the Alchemist {rElec rPois rF+ rC+ rN+ MR+ rMut rCorr} for 519 gold pieces
 18386 | Lair:3   | Killed a death yak
 18726 | Lair:3   | Reached skill level 1 in Earth Magic
 19121 | Lair:3   | Reached skill level 5 in Fighting
 19450 | Lair:3   | Killed a death yak
 19457 | Lair:3   | Killed a death yak
 19475 | Lair:3   | Killed a death yak
 20935 | Lair:4   | Found a staircase to the Shoals.
 21469 | Lair:4   | Reached XP level 13. HP: 72/72 MP: 16/36
 21515 | Lair:4   | Received a gift from Sif Muna
 21516 | Lair:4   | Identified Sif Muna's Compendium of the Mountains and Attacks (Sif Muna gifted it to you on level 4 of the Lair of Beasts)
 21882 | Lair:2   | Learned a level 6 spell: Deflect Missiles
 21890 | Lair:2   | Learned a level 6 spell: Iron Shot
 21893 | Lair:2   | Learned a level 2 spell: Swiftness
 21992 | Lair:5   | Noticed a four-headed hydra
 21996 | Lair:5   | Killed a four-headed hydra
 22229 | Lair:5   | Noticed a five-headed hydra
 22235 | Lair:5   | Killed a five-headed hydra
 22861 | Lair:6   | Reached skill level 13 in Spellcasting
 24677 | Lair:5   | Reached skill level 5 in Earth Magic
 25280 | D:6      | Bought a papyrus book for 270 gold pieces
 25769 | Lair:7   | Noticed Rupert
 25785 | Lair:7   | Killed Rupert
 26093 | Lair:8   | Entered Level 8 of the Lair of Beasts
 26649 | Lair:8   | Received a gift from Sif Muna
 26650 | Lair:8   | Identified Sif Muna's Incunabulum of Arcane Weapons and the Arsonist (Sif Muna gifted it to you on level 8 of the Lair of Beasts)
 27003 | Lair:7   | Reached XP level 14. HP: 72/79 MP: 3/37
 27810 | Lair:6   | Reached skill level 10 in Conjurations
 28091 | Lair:6   | Reached skill level 10 in Fire Magic
 28493 | Lair:6   | Found a staircase to the Slime Pits.
 28500 | Lair:6   | Found a hole to the Spider Nest.
 29681 | Lair:8   | Reached skill level 14 in Spellcasting
 29803 | Lair:7   | Reached skill level 10 in Dodging
 31431 | Lair:8   | Received a gift from Sif Muna
 31432 | Lair:8   | Identified Sif Muna's Papyrus of Self-Improvement and Dislocation (Sif Muna gifted it to you on level 8 of the Lair of Beasts)
 31460 | Lair:8   | HP: 2/80 [blink frog (16)]
 31460 | Lair:8   | Demolished by a spiny frog

Action                   |  1- 3 |  4- 6 |  7- 9 | 10-12 | 13-15 || total
-------------------------+-------+-------+-------+-------+-------++-------
Melee: Short sword       |     8 |     2 |       |       |       ||    10
       Dagger            |       |    20 |    35 |   118 |    61 ||   234
 Cast: Magic Dart        |    79 |    88 |   379 |   445 |    10 ||  1001
       Call Imp          |     3 |     4 |       |     7 |       ||    14
       Mephitic Cloud    |     1 |     4 |    39 |    30 |     4 ||    78
       Conjure Flame     |     1 |     4 |    19 |   107 |    46 ||   177
       Repel Missiles    |       |     2 |       |       |       ||     2
       Blink             |       |     1 |    12 |     6 |    13 ||    32
       Fireball          |       |       |       |   113 |   201 ||   314
       Force Lance       |       |       |       |    27 |    93 ||   120
       Airstrike         |       |       |       |     4 |     4 ||     8
       Deflect Missiles  |       |       |       |       |     2 ||     2
Invok: Channel Energy    |       |       |     6 |    26 |    79 ||   111
Evoke: Wand              |       |       |    11 |     2 |     1 ||    14
  Use: Scroll            |       |     3 |    18 |    14 |     9 ||    44
       Potion            |       |     1 |       |       |     3 ||     4
 Stab: Sleeping          |       |     1 |       |       |       ||     1
       Confused          |       |       |     1 |     2 |     1 ||     4
  Eat: Chunk             |     3 |     7 |    16 |    38 |    41 ||   105
       Fruit             |       |       |     1 |     1 |     3 ||     5
